 Dungeon Crawl Stone Soup version 0.28.0-45-g0d030f2227 (webtiles) character file.

Game seed: 696654614947083472

2467 thiscave3701365 the Grappler (level 9, -4/74 HPs)
             Began as a Minotaur Berserker on Apr 14, 2022.
             Was a Priest of Trog.
             Killed from afar by an electric eel (9 damage)
             ... with a bolt of electricity
             ... on level 7 of the Dungeon.
             The game lasted 00:05:58 (7837 turns).

thiscave3701365 the Grappler (Minotaur Berserker)   Turns: 7837, Time: 00:05:59

Health: -4/74      AC: 16    Str: 26    XL:     9   Next: 26%
Magic:  8/8        EV: 12    Int:  4    God:    Trog [***...]
Gold:   296        SH:  0    Dex: 10    Spells: 8/8 levels left

rFire   . . .      SeeInvis .     - Unarmed
rCold   . . .      Faith    .   (no shield)
rNeg    . . .      Spirit   .   l - +0 plate armour
rPois   .          Reflect  .   (helmet restricted)
rElec   .          Harm     .   v - +0 cloak
rCorr   .          Rampage  .   z - +0 pair of gloves
Will    +....                   (no boots)
Stlth   ..........              (no amulet)
HPRegen 0.22/turn               s - +4 ring of evasion
MPRegen 0.11/turn               c - ring of willpower

@: on berserk cooldown, slowed, very slow
A: horns 2, retaliatory headbutt
a: Renounce Religion, Berserk, Trog's Hand


You were on level 7 of the Dungeon.
You worshipped Trog.
Trog was most pleased with you.
You visited 1 branch of the dungeon, and saw 7 of its levels.

You collected 296 gold pieces.

Inventory:

Armour
 l - a +0 plate armour (worn)
 v - a +0 cloak (worn)
 z - a +0 pair of gloves (worn)
Jewellery
 c - a ring of willpower (right hand)
 s - a +4 ring of evasion (left hand)
 u - an amulet of faith
Wands
 p - a wand of iceblast (7)
Scrolls
 e - 2 scrolls of enchant armour {unknown}
 f - a scroll of summoning {unknown}
 i - 5 scrolls of teleportation {unknown}
 j - 4 scrolls of fog {unknown}
 m - 2 scrolls of noise {unknown}
 n - 2 scrolls of blinking {unknown}
 r - 4 scrolls of identify {unknown}
 t - a scroll of vulnerability {unknown}
 w - a scroll of magic mapping {unknown}
 x - a scroll of enchant weapon {unknown}
 y - a scroll of fear {unknown}
Potions
 a - a potion of mutation {unknown}
 b - 2 potions of lignification {unknown}
 d - 4 potions of heal wounds {unknown}
 g - a potion of invisibility {unknown}
 h - a potion of brilliance {unknown}
 k - a potion of magic {unknown}
 o - a potion of attraction {unknown}
 q - 2 potions of degeneration {unknown}


   Skills:
 + Level 5.4 Fighting
 + Level 9.1 Armour
 + Level 3.2 Dodging
 + Level 0.4 Stealth
 + Level 10.7 Unarmed Combat


You had 8 spell levels left.
You didn't know any spells.
Your spell library was empty.

Dungeon Overview and Level Annotations

Branches:
Dungeon (7/15)             Temple (0/1) D:5

Altars:
Cheibriados
Hepliaklqana
Nemelex Xobeh
Qazlal
Ru
Uskayaw
Xom
Zin

Shops:
D:1 =   D:6 *


Innate Abilities, Weirdness & Mutations

You have a pair of horns on your head.
You reflexively headbutt those who attack you in melee.


Message History

You kill the electric eel!
Trog accepts your kill.
You hear a splash.
The wyvern skeleton bites you!
Your unstable footing causes you to fumble your attack.
Your unstable footing causes you to fumble your attack.
The wyvern skeleton barely misses you.
You barely miss the wyvern skeleton. The wyvern skeleton bites you!
You punch the wyvern skeleton!
The wyvern skeleton is moderately damaged.
Your unstable footing causes you to fumble your attack.
The wyvern skeleton barely misses you.
You pummel the wyvern skeleton!!
You destroy the wyvern skeleton!
Trog accepts your kill.
You start resting.
You feel a strong urge to attack something.
An electric eel is nearby!
An electric eel is nearby!
An electric eel is nearby!
You are too injured to fight recklessly!
You are too injured to fight recklessly!
A dart slug and an electric eel come into view.
You are no longer berserk.
You are exhausted.
You feel yourself slow down. The dart slug launches a dart at you.
The slug dart hits you but does no damage.
A dart slug comes into view.
The electric eel shoots out a bolt of lightning at you!
The bolt of electricity hits you!
* * * LOW HITPOINT WARNING * * *
The electric eel shoots out a bolt of lightning at you!
The bolt of electricity misses you.
The electric eel shoots out a bolt of lightning at you!
The bolt of electricity hits you!
* * * LOW HITPOINT WARNING * * *
The electric eel shoots out a bolt of lightning at you!
The bolt of electricity hits you!
You die...

≈≈≈≈≈≈≈≈≈≈≈#≈≈≈≈≈#
≈≈≈≈w≈≈.[<#S$.≈≈≈.
w≈≈.....<...!.≈≈..
#≈≈...≈.[.≈≈≈.≈#≈###
#≈≈≈≈#≈≈≈≈≈≈[≈≈≈≈..#
≈≈#≈≈≈≈≈≈≈≈≈≈≈≈...#
..≈≈≈≈#≈≈≈≈≈≈#≈....#
..≈≈≈≈≈≈≈≈≈#≈≈≈....#
#..≈≈≈≈#≈@≈≈≈≈##....
.....≈≈≈≈≈≈≈....#
......≈≈.≈≈.#...#
...#........#...#
#..#.....#..##..# ##
#.....#####..########
#.....#........#....#
#.....+........'....#
##.###+#####..#


You could see an electric eel and a dart slug.

Vanquished Creatures
  Pikel (D:5)
  Grinder (D:4)
  Eustachio (D:5)
  A black bear (D:5)
  An ogre (D:5)
  A centaur (D:4)
  3 lemures (D:5)
  2 phantoms (D:5)
  Blork the orc (D:4)
  A gnoll sergeant (D:5)
  A scorpion (D:5)
  A wyvern skeleton (D:7)
  4 wights (D:6)
  A howler monkey (D:5)
  An electric eel (D:7)
  A bullfrog zombie (D:7)
  2 jellies
  4 hounds
  Crazy Yiuf (D:5)
  A gnoll shaman (D:5)
  6 centaur skeletons
  3 iguanas
  3 orc wizards
  A hound zombie (D:5)
  4 adders
  9 gnolls
  A shadow imp (D:6)
  A white imp (D:6)
  An ufetubus (D:6)
  A worm (D:2)
  5 dart slugs
  11 orcs
  8 endoplasms
  4 giant cockroaches
  5 goblins
  3 hobgoblins
  2 jackals (D:5)
  6 quokkas
  8 ball pythons
  4 bats
  4 frilled lizards
  A kobold (D:2)
  4 rats
125 creatures vanquished.

Vanquished Creatures (others)
  A dart slug (D:7)
  28 plants
29 creatures vanquished.

Grand Total: 154 creatures vanquished

Notes
Turn   | Place    | Note
-------+----------+-------------------------------------------
     0 | D:1      | thiscave3701365 the Minotaur Berserker began the quest for
                  | the Orb.
     0 | D:1      | Reached XP level 1. HP: 19/19 MP: 0/0
   254 | D:1      | Found Jecviqyo's Jewellery Shoppe.
   474 | D:1      | Reached XP level 2. HP: 21/27 MP: 1/1
  1328 | D:2      | Found a hide-covered altar of Uskayaw.
  1696 | D:2      | Reached XP level 3. HP: 33/33 MP: 2/2
  1730 | D:2      | Reached ** piety under Trog
  1736 | D:2      | Reached skill level 4 in Unarmed Combat
  2454 | D:3      | Found a faded altar of an unknown god.
  2460 | D:3      | Reached XP level 4. HP: 33/41 MP: 3/3
  2691 | D:3      | Found a snail-covered altar of Cheibriados.
  2691 | D:3      | Found a stormy altar of Qazlal.
  2692 | D:3      | Found a sparkling altar of Nemelex Xobeh.
  3258 | D:4      | Reached skill level 5 in Unarmed Combat
  3258 | D:4      | Reached XP level 5. HP: 43/47 MP: 4/4
  3394 | D:4      | Found a sacrificial altar of Ru.
  3968 | D:4      | Noticed a centaur
  3972 | D:4      | Killed a centaur
  3973 | D:4      | Reached XP level 6. HP: 47/53 MP: 5/5
  4189 | D:4      | Noticed Grinder
  4211 | D:4      | Killed Grinder
  4212 | D:4      | Reached skill level 5 in Armour
  4212 | D:4      | Reached skill level 6 in Unarmed Combat
  4212 | D:4      | Reached XP level 7. HP: 39/60 MP: 6/6
  4598 | D:4      | Found a faded altar of an unknown god.
  4598 | D:4      | Noticed Blork the orc
  4600 | D:4      | Found a hazy altar of Hepliaklqana.
  4606 | D:4      | Killed Blork the orc
  4772 | D:5      | Entered Level 5 of the Dungeon
  4772 | D:5      | Found a staircase to the Ecumenical Temple.
  4788 | D:5      | Reached skill level 7 in Unarmed Combat
  5029 | D:5      | Reached XP level 8. HP: 64/67 MP: 7/7
  5034 | D:5      | Reached skill level 8 in Unarmed Combat
  5075 | D:5      | Reached skill level 5 in Fighting
  5119 | D:5      | Noticed Pikel
  5134 | D:5      | Killed Pikel
  5135 | D:5      | Reached skill level 9 in Unarmed Combat
  5216 | D:5      | Reached *** piety under Trog
  5587 | D:5      | Found a runed translucent door.
  5588 | D:5      | Noticed Crazy Yiuf
  6020 | D:5      | Noticed Eustachio
  6038 | D:5      | Killed Eustachio
  6283 | D:5      | Reached skill level 10 in Unarmed Combat
  6335 | D:5      | Reached XP level 9. HP: 56/74 MP: 8/8
  6429 | D:5      | Killed Crazy Yiuf
  7064 | D:6      | Found Zin's Purification Station.
  7081 | D:6      | Found a glowing silver altar of Zin.
  7140 | D:6      | Found a shimmering altar of Xom.
  7837 | D:7      | Killed from afar by an electric eel

Illustrated notes

Levels and vault maps discovered:
D:1:      dpeg_arrival_shelter, layout_loops_ring, serial_shops, shop_statue
D:2:      layout_loops_ring, basic_altar
D:3:      layout_loops_ring, chequers_temple_overflow_statue_of_worship,
          serial_forest, infiniplex_forest_clump_double,
          infiniplex_forest_straight_3, infiniplex_forest_fountain,
          infiniplex_forest_clump_long, infiniplex_forest_diagonal,
          infiniplex_forest_lined_room_2, infiniplex_forest_corner_2,
          infiniplex_forest_split, infiniplex_forest_straight_2,
          basic_ecumenical_altar
D:4:      layout_basic, beargit_hepliaklqana_dungeon_heroes,
          nicolae_ru_great_annihilating_truth, kennysheep_crisscross,
          uniq_grinder
D:5:      minmay_general_purpose_star, layout_loops_ring,
          minmay_temple_entry_crystal_x, mrwooster_statue_mirror,
          nicolae_grassy_gnolls, uniq_crazy_yiuf_cottage, uniq_eustachio,
          uniq_pikel
D:6:      layout_basic, dk_xom_monty_hall, zin_purify
D:7:      kennysheep_slugbush, layout_gridville, grunt_ogre_cave

Skill      XL: |  1  2  3  4  5  6  7  8  9 |
---------------+----------------------------+-----
Fighting       | 4 5 |  5.4
Unarmed Combat | 4 5 6 7 10 | 10.7
Armour         | 3 4 5 7 8 9 |  9.1
Dodging        | 3 |  3.2
Stealth        | |  0.4

Action                   |  1- 3 |  4- 6 |  7- 9 || total
-------------------------+-------+-------+-------++-------
Melee: Unarmed           |    97 |    66 |   180 ||   343
       Headbutt          |     8 |    13 |    32 ||    53
       Punch             |     1 |       |     9 ||    10
Invok: Berserk           |     2 |     3 |    11 ||    16
Armor: Animal skin       |     4 |       |       ||     4
       Chain mail        |    11 |       |       ||    11
       Plate armour      |    13 |    41 |    87 ||   141
Dodge: Dodged            |    42 |    20 |   105 ||   167
